 Dungeon Crawl Stone Soup version 0.26-a0-284-g73c0fb6129 (webtiles) character file.

Game seed: 9025759848377801869

3056 CertifiedHoMoMoment the Cleaver (level 9, -1/79 HPs)
             Began as a Hill Orc Monk on July 13, 2020.
             Was a Believer of Beogh.
             Slain by a hornet (12 damage)
             ... while paralysed by a hornet
             ... on level 8 of the Dungeon.
             The game lasted 00:13:03 (13090 turns).

CertifiedHoMoMoment the Cleaver (Hill Orc Monk)    Turns: 13090, Time: 00:13:03

Health: -1/79      AC:  5    Str: 17    XL:     9   Next: 87%
Magic:  9/9        EV:  2    Int: 10    God:    Beogh [**....]
Gold:   397        SH:  0    Dex: 13    Spells: 8/8 levels left

rFire    . . .     SeeInvis .   o - +1 battleaxe
rCold    . . .     Faith    .   (shield currently unavailable)
rNeg     . . .     Spirit   .   j - +0 scale mail
rPois    .         Reflect  .   k - +0 hat
rElec    .         Harm     .   (no cloak)
rCorr    .                      (no gloves)
MR       .....                  h - +0 pair of boots
Stlth    ..........             (no amulet)
HPRegen  0.23/turn              (no ring)
MPRegen  0.11/turn              (no ring)

@: paralysed, lethally poisoned (-1 -> -23), corroded, drained
A: no striking features
a: Smiting, Renounce Religion


You were on level 8 of the Dungeon.
You worshipped Beogh.
Beogh was pleased with you.
You visited 1 branch of the dungeon, and saw 8 of its levels.

You collected 397 gold pieces.

Inventory:

Hand Weapons
 a - a +0 hand axe
 i - the +1 hunting sling of Dismemberment {venom, +Fly rElec rF++ Dex-3}
   (You found it on level 5 of the Dungeon)

   It poisons the ammo it fires.
   It affects your dexterity (-3).
   It greatly protects you from fire.
   It insulates you from electricity.
   It lets you fly.
 m - a +3 spear of freezing
 o - a +1 battleaxe (weapon)
 r - a +2 war axe of draining
 s - a +1 trident of protection
Armour
 b - a +0 robe
 c - a +0 ring mail
 h - a +0 pair of boots (worn)
 j - a +0 scale mail (worn)
 k - a +0 hat (worn)
Wands
 l - a wand of random effects (13)
 n - a wand of acid (14)
 y - a wand of paralysis (14)
 B - a wand of flame (14)
Scrolls
 d - 2 scrolls of enchant weapon
 e - 5 scrolls of teleportation
 v - 3 scrolls of enchant armour
 z - a scroll of identify
Potions
 f - a potion of brilliance
 g - 2 potions of stabbing
 p - 2 potions of flight {unknown}
 q - a potion of resistance
 t - a potion of might
 u - 2 potions of heal wounds {unknown}
 w - 2 potions of lignification {unknown}
 x - a potion of cancellation {unknown}


   Skills:
 + Level 7.5(6.8) Fighting
 + Level 12.3(11.6) Axes
 + Level 7.5(6.9) Armour
 + Level 3.9(3.3) Dodging
 - Level 1.7(1.2) Stealth
 + Level 0.4(0.0) Invocations


You had 8 spell levels left.
You didn't know any spells.
Your spell library contained the following spells:

 Spells                   Type           Power        Failure   Level
 Corona                   Hex            #......      75%         1
 Ensorcelled Hibernation  Hex/Ice        #.....       86%         2
 Confusing Touch          Hex            #.......     98%         3
 Dazzling Flash           Conj/Hex       #.....       98%         3
 Tukima's Dance           Hex            #.......     98%         3


Dungeon Overview and Level Annotations

Branches:
Dungeon (8/15)             Temple (0/1) D:5
   Lair: D:8-11

Altars:
Cheibriados
Fedhas
Makhleb
Ru
Vehumet
Yredelemnul
Zin
The Shining One

Shops:
D:6 :

Annotations:
D:4 2 transporters, Gargoyl's ghost, amateur CeAK; Grinder
D:8 1 runed translucent door, AvylaarBelgium's ghost, novice DEAE


Message History

The hornet is lightly wounded.
You slash the jelly!
Your hands burn!
You feel yourself speed up.
You feel sick. The hornet closely misses you. The jelly hits you.
The acid corrodes you!
You are splashed with acid!
The hornet stings you but does no damage.
The jelly hits you.
You are splashed with acid!
You feel sick. The hornet stings you.
You are more poisoned.
You feel yourself slow down.
You hear the slow hiss of a distant avalanche of sand.
You feel very sick. The hornet stings you!
* * * LOW HITPOINT WARNING * * *
You are more poisoned.
You suddenly lose the ability to move!
You feel yourself speed up.
* * * LOW HITPOINT WARNING * * *
You feel sick. The hornet stings you!
You die...

.# ##.............♣.[♣
$## ##..............♣ ♣♣
..###.._..........##)..
.................####...
.........#..............
<........###.....####...
.............###.####.#.
........................
.........#######@####)..
.........# #y#
.........# #J#
#....##### #.........
.....# #..O.......
#.#........ #.#.....#.#
..#........ .. #........


You could see a hornet, an ogre and a jelly.

Vanquished Creatures
  Maggie (D:6)
  A wyvern (D:6)
  Eustachio (D:4)
  Menkaure (D:6)
  Duvessa (D:7)
  An ice beast (D:7)
  3 ogres
  2 centaurs (D:5)
  Blork the orc (D:5)
  A bullfrog (D:5)
  Dowan (D:7)
  2 scorpions
  17 wights
  A quasit (D:7)
  A bullfrog skeleton (D:5)
  A hound (D:7)
  A jelly (D:4)
  Crazy Yiuf (D:6)
  Ijyb (D:4)
  An iguana (D:5)
  12 worker ants
  A killer bee zombie (D:7)
  A hound zombie (D:5)
  A hound skeleton (D:7)
  A worker ant zombie (D:8)
  4 gnolls (D:6)
  8 adders
  A white imp (D:7)
  An ufetubus (D:5)
  3 oozes
  An adder skeleton (D:4)
  4 worms
  A dart slug (D:5)
  7 leopard geckos
  10 orcs
  8 bats
  7 giant cockroaches
  2 hobgoblins (D:1)
  2 jackals (D:5)
  6 quokkas
  4 ball pythons
  8 frilled lizards
  4 goblins
  8 kobolds
  2 quokka skeletons
  7 rats
  A spectral orc (D:4)
  A bush (D:6)
  2 fungi (D:6)
158 creatures vanquished.

Vanquished Creatures (others)
  An orc priest (D:4)
  A fungus (D:8)
  6 plants (D:4)
8 creatures vanquished.

Grand Total: 166 creatures vanquished

Notes
Turn   | Place    | Note
-------+----------+-------------------------------------------
     0 | D:1      | CertifiedHoMoMoment the Hill Orc Monk began the quest for
                  | the Orb.
     0 | D:1      | Reached XP level 1. HP: 19/19 MP: 1/1
   409 | D:1      | Reached XP level 2. HP: 26/26 MP: 2/2
   592 | D:1      | Reached XP level 3. HP: 33/33 MP: 3/3
  1014 | D:2      | Reached skill level 5 in Axes
  1317 | D:2      | Reached XP level 4. HP: 40/40 MP: 4/4
  2371 | D:3      | Reached skill level 1 in Armour
  2735 | D:4      | Noticed an ogre
  2768 | D:3      | Reached XP level 5. HP: 20/46 MP: 5/5
  3084 | D:4      | Noticed Eustachio
  3138 | D:4      | Killed Eustachio
  3138 | D:4      | Reached skill level 6 in Axes
  3138 | D:4      | Reached XP level 6. HP: 20/53 MP: 6/6
  3339 | D:4      | Reached skill level 7 in Axes
  3376 | D:4      | Reached skill level 5 in Fighting
  3376 | D:4      | Reached XP level 7. HP: 37/61 MP: 7/7
  3698 | D:4      | Found a basalt altar of Yredelemnul.
  3698 | D:4      | Noticed Ijyb
  3701 | D:4      | Killed Ijyb
  3701 | D:4      | Reached skill level 8 in Axes
  3732 | D:4      | Found a transporter.
  3732 | D:4      | Found a transporter.
  3787 | D:4      | Noticed Gargoyl's ghost (amateur CeAK)
  3839 | D:4      | Became a worshipper of Beogh the Brigand
  3839 | D:4      | Reached * piety under Beogh
  3839 | D:4      | Reached ** piety under Beogh
  4251 | D:5      | Entered Level 5 of the Dungeon
  4609 | D:5      | Noticed Grinder
  4613 | D:5      | Paralysed by Grinder for 6 turns
  4639 | D:4      | Paralysed by Grinder for 6 turns
  4653 | D:4      | Paralysed by Grinder for 4 turns
  4695 | D:4      | Paralysed by Grinder for 7 turns
  4699 | D:4      | HP: 3/61 [Grinder/nerve-wracking pain (9)]
  5446 | D:5      | Noticed Blork the orc
  5454 | D:5      | Killed Blork the orc
  5677 | D:5      | Reached skill level 9 in Axes
  5677 | D:5      | Reached XP level 8. HP: 51/69 MP: 8/8
  6306 | D:5      | Found a staircase to the Ecumenical Temple.
  6403 | D:6      | Noticed Menkaure
  6406 | D:6      | Noticed a wyvern
  7012 | D:6      | Killed a wyvern
  7012 | D:6      | Reached skill level 5 in Armour
  7014 | D:6      | Noticed Maggie
  7545 | D:5      | Got a shimmering hunting sling
  7546 | D:5      | Identified the cursed +1 hunting sling of Dismemberment
                  | {venom, +Fly rElec rF++ Dex-3} (You found it on level 5 of
                  | the Dungeon)
  7761 | D:5      | Reached skill level 10 in Axes
  8579 | D:6      | Killed Menkaure
  8994 | D:6      | Killed Maggie
  8994 | D:6      | Reached XP level 9. HP: 32/78 MP: 9/9
  9400 | D:6      | Found Juma's Book Shop.
  9689 | D:6      | Reached skill level 11 in Axes
  9896 | D:6      | Found a runed translucent door.
  9897 | D:6      | Noticed Crazy Yiuf
  9906 | D:6      | Killed Crazy Yiuf
 10390 | D:7      | Found a glowing silver altar of Zin.
 10390 | D:7      | Found a blossoming altar of Fedhas.
 10391 | D:7      | Found a glowing golden altar of the Shining One.
 10401 | D:7      | Found a radiant altar of Vehumet.
 11529 | D:7      | Found a sacrificial altar of Ru.
 11535 | D:7      | Noticed Duvessa
 11536 | D:7      | Noticed Dowan
 11552 | D:7      | Killed Duvessa
 11557 | D:7      | Killed Dowan
 11615 | D:7      | Found a snail-covered altar of Cheibriados.
 11876 | D:7      | Reached skill level 12 in Axes
 13043 | D:8      | Found a burning altar of Makhleb.
 13066 | D:8      | Found a runed translucent door.
 13069 | D:8      | Identified the cursed +1 trident of Impatience {flame, rF+
                  | Int+2 SInv Stlth-}
 13070 | D:8      | Noticed AvylaarBelgium's ghost (novice DEAE)
 13081 | D:8      | Noticed a hornet
 13089 | D:8      | Paralysed by a hornet for 3 turns
 13090 | D:8      | Slain by a hornet

Illustrated notes

Levels and vault maps discovered:
D:1:      sevenhm_arrival_forest_fort_small_4, layout_basic
D:2:      layout_basic
D:3:      layout_basic
D:4:      layout_basic, yredelemnul_forgotten_temple_becter,
          gammafunk_ghost_gnarly_gnolls, cheibrodos_sewer_entry_bend,
          grunt_ministairs_7, uniq_eustachio, uniq_ijyb
D:5:      layout_basic, temple_hall, uniq_blork_the_orc, uniq_grinder
D:6:      layout_rooms, serial_shops, shop, uniq_menkaure,
          uniq_crazy_yiuf_cottage, uniq_maggie
D:7:      layout_loops_ring, nicolae_ru_sacrificial_ziggurat,
          nicolae_overflow_quartered_altars, basic_altar, uniq_duvessa
D:8:      layout_rooms, kennysheep_mini, enter_ossuary_4,
          ebering_ghost_funeral_grove, bloody_makhleb, uniq_harold, uniq_erica,
          uniq_grum

Skill      XL: |  1  2  3  4  5  6  7  8  9 |
---------------+----------------------------+-----
Fighting       | 4 5 6 7 |  7.5
Axes           | 5 6 7 9 10 12 | 12.3
Armour         | 2 3 4 6 7 |  7.5
Dodging        | 3 |  3.9
Stealth        | |  1.7
Invocations    | |  0.4

Action                   |  1- 3 |  4- 6 |  7- 9 || total
-------------------------+-------+-------+-------++-------
Melee: Hand axe          |   130 |    10 |       ||   140
       Battleaxe         |       |   174 |   369 ||   543
Invok: Convert to Beogh  |       |       |     1 ||     1
       Smiting           |       |       |     2 ||     2
  Use: Scroll            |       |     6 |     8 ||    14
       Potion            |       |       |     4 ||     4
Armor: Ring mail         |    32 |       |       ||    32
       Scale mail        |    28 |   135 |   159 ||   322
Dodge: Dodged            |    91 |   133 |   228 ||   452

Table legend:
 A = Non-vault XP
 B = Vault XP
 C = Vault XP percentage of total XP
 D = Non-vault monster count
 E = Vault monster count
 F = Vault count percentage of total count
                 A         B        C        D         E       F
            +---------+---------+-------+---------+---------+-------
      Total |    3150 |    1217 |  27.9 |     142 |      13 |   8.4
            +---------+---------+-------+---------+---------+-------
        D:1 |      42 |       0 |   0.0 |      21 |       0 |   0.0
        D:2 |      51 |       0 |   0.0 |      19 |       0 |   0.0
        D:3 |      84 |       0 |   0.0 |      16 |       0 |   0.0
        D:4 |     403 |     274 |  40.5 |      16 |       7 |  30.4
        D:5 |     532 |      99 |  15.7 |      21 |       1 |   4.5
        D:6 |     569 |     609 |  51.7 |      14 |       3 |  17.6
        D:7 |    1415 |     235 |  14.2 |      32 |       2 |   5.9
        D:8 |      54 |       0 |   0.0 |       3 |       0 |   0.0
            +---------+---------+-------+---------+---------+-------
